 Dungeon Crawl Stone Soup version 0.30-a0-367-g839099abd5 (webtiles) character file.

Game seed: 2755474764499940549

6 Aramant the Slasher (level 2, -2/24 HPs)
             Began as a Human Cinder Acolyte on Nov 18, 2022.
             Was a High Priest of Ignis.
             Slain by an orc wizard
             ... wielding a +0 dagger
              (4 damage)
             ... on level 3 of the Dungeon.
             The game lasted 00:01:11 (169 turns).

Aramant the Slasher (Human Cinder Acolyte)           Turns: 169, Time: 00:01:12

Health: -2/24      AC:  2    Str: 14    XL:     2   Next: 0%
Magic:  3/3        EV: 11    Int: 14    God:    Ignis [*****.]
Gold:   13         SH:  0    Dex:  8    Spells: 3/3 levels left

rFire   + . .      SeeInvis .    a - -1 falchion (flame)
rCold   . . .      Faith    .    (no shield)
rNeg    . . .      Spirit   .    b - +0 robe
rPois   .          Reflect  .    (no helmet)
rElec   .          Harm     .    (no cloak)
rCorr   .          Rampage  .    (no gloves)
Will    .....                    (no boots)
Stlth   +.........               (no amulet)
HPRegen 0.24/turn                (no ring)
MPRegen 0.08/turn                (no ring)

@: confused
A: no striking features
a: Renounce Religion, Fiery Armour, Foxfire Swarm, Rising Flame


You were on level 3 of the Dungeon.
You worshipped Ignis.
Ignis was extremely pleased with you.
You visited 1 branch of the dungeon, and saw 3 of its levels.

You collected 13 gold pieces.

Inventory:

Hand Weapons
 a - a -1 falchion of flaming (weapon)
Armour
 b - a +0 robe (worn)
Scrolls
 d - a scroll of identify {unknown}


   Skills:
 + Level 3.0 Fighting
 + Level 3.2 Long Blades
 + Level 0.4 Stealth
 + Level 1.0 Spellcasting
 + Level 3.1 Fire Magic


You had 3 spell levels left.
You didn't know any spells.
Your spell library contained the following spells:

 Spells                   Type           Power      Damage    Failure   Level
 Scorch                   Fire           18%        2d6       11%         2


Dungeon Overview and Level Annotations

Branches:
Dungeon (3/15)

Altars:


Message History

You hear some strange, mumbled words.
You are confused.
You hear an angry hiss.
You completely miss something.
You hear an angry hiss.
Something hits you.
You miss something. Something hits you.
You bump into the rock wall.
Something hits you.
You miss something. Your punch misses something. Something hits you. x2
You bump into the rock wall.
Something hits you.
You feel less confused.
You miss something. Something hits you but does no damage.
You miss something.
You hear some strange, mumbled words.
You are confused.
You bump into the rock wall.
You hear some strange, mumbled words.
You are more confused.
You completely miss something.
A ball python comes into view.
Something hits you but does no damage.
You completely miss something.
The ball python hisses angrily.
Something hits you.
You bump into the rock wall.
Something hits you but does no damage.
You bump into the rock wall.
Something hits you.
* * * LOW HITPOINT WARNING * * *
It was a potion of magic.
Magic courses through your body. Something hits you.
* * * LOW HITPOINT WARNING * * *
You bump into the rock wall.
Something hits you.
* * * LOW HITPOINT WARNING * * *
Okay, then.
Unknown command.
You bump into the rock wall.
Something hits you.
* * * LOW HITPOINT WARNING * * *
There are monsters nearby!
Unknown command.
Unknown command.
You completely miss something. Something hits you.
You die...

###### #...<# #
.
##.######.#....
#....@{Joo.....
#########S###..
#


You could see 2 orcs, an endoplasm and a ball python.

Vanquished Creatures
  2 orcs (D:3)
  A goblin (D:2)
  A rat (D:2)
4 creatures vanquished.

Notes
Turn   | Place    | Note
-------+----------+-------------------------------------------
     0 | D:1      | Aramant the Human Cinder Acolyte began the quest for the
                  | Orb.
     0 | D:1      | Reached XP level 1. HP: 18/18 MP: 2/2
   138 | D:3      | Noticed an orc wizard
   149 | D:3      | Reached XP level 2. HP: 24/24 MP: 3/3
   169 | D:3      | Slain by an orc wizard

Illustrated notes

Levels and vault maps discovered:
D:1:      sevenhm_arrival_forest_fort_large_2, layout_rooms
D:2:      layout_loops_ring, grunt_ministairs_5, grunt_decor_resistance
D:3:      layout_basic, uniq_sigmund, uniq_grinder, uniq_ijyb, uniq_jessica,
          uniq_terence

Action                   || total
-------------------------++-------
Melee: Falchion          ||    35
  Use: Potion            ||     1
 Stab: Sleeping          ||     1
Armor: Robe              ||     9
Dodge: Dodged            ||    20

Table legend: (Time is in decaauts)
 A = Elapsed time spent in this place.
 B = Non-inter-level travel time spent in this place.
 C = Inter-level travel time spent in this place.
 D = Time resting spent in this place.
 E = Time spent auto-exploring this place.
 F = Levels seen in this place.
 G = Mean time per level.
                   A        B        C        D        E       F      G
               +--------+--------+--------+--------+--------+-----+--------+
         Total |    173 |    173 |      0 |     20 |     68 |   3 |   57.7 |
       Dungeon |    173 |    173 |      0 |     20 |     68 |   3 |   57.7 |
               +--------+--------+--------+--------+--------+-----+--------+

Top non-repeatable levels by time:
     D:1: 68 daAuts
     D:2: 64 daAuts
     D:3: 41 daAuts
